 Dungeon Crawl Stone Soup version 0.25.0-26-g0c896c7088 (webtiles) character file.

Game seed: 18291313198755111334

18243 protoss039 the Eclecticist (level 12, -13/59 HPs)
             Began as a Deep Elf Air Elementalist on July 3, 2020.
             Was a Believer of Kikubaaqudgha.
             Killed by refrigeration
             ... invoked by Fannar
              (18 damage)
             ... on level 10 of the Dungeon.
             The game lasted 00:57:46 (14722 turns).

protoss039 the Eclecticist (DEAE)                  Turns: 14722, Time: 00:57:47

Health: -13/59     AC: 14    Str:  5    XL:     12   Next: 26%
Magic:  20/43      EV: 13    Int: 26    God:    Kikubaaqudgha [**....]
Gold:   439        SH:  0    Dex: 15    Spells: 15/43 levels left

rFire    + . .     SeeInvis .   A - +7 scimitar (freeze)
rCold    . . .     Gourm    .   (no shield)
rNeg     . . .     Faith    .   s - +1 steam dragon scales
rPois    .         Spirit   .   f - +2 hat
rElec    .         Reflect  .   i - +1 cloak
rCorr    .         Harm     .   D - +2 pair of gloves
MR       +....                  l - +0 pair of boots
Stlth    ++........             (no amulet)
HPRegen  0.19/turn              v - ring of protection from fire
MPRegen  0.28/turn              H - ring of magical power

@: swift, quick
A: no striking features
a: Receive Corpses, Renounce Religion


You were on level 10 of the Dungeon.
You worshipped Kikubaaqudgha.
Kikubaaqudgha was pleased with you.
You were not hungry.

You visited 2 branches of the dungeon, and saw 11 of its levels.
You also visited: Sewer.

You collected 481 gold pieces.
You spent 42 gold pieces at shops.

Inventory:

Hand Weapons
 A - a +7 scimitar of freezing (weapon)
Missiles
 q - 5 boomerangs of dispersal (quivered)
Armour
 f - a +2 hat (worn)
 i - a +1 cloak (worn)
 l - a +0 pair of boots (worn)
 s - +1 steam dragon scales (worn)
 D - a +2 pair of gloves (worn)
Jewellery
 v - a ring of protection from fire (left hand)
 w - an uncursed ring of ice
 H - a ring of magical power (right hand)
 J - an uncursed ring of positive energy
 K - a +6 ring of strength
Wands
 h - a wand of clouds (5)
 j - a wand of acid (10)
 I - a wand of iceblast (6)
 M - a wand of digging (5)
Scrolls
 e - 5 scrolls of remove curse
 n - 10 scrolls of teleportation
 o - 4 scrolls of immolation
 x - 3 scrolls of fog
 y - 3 scrolls of amnesia
 C - a scroll of enchant weapon
 E - 3 scrolls of magic mapping
Potions
 b - 3 potions of might
 g - a potion of mutation
 k - a potion of magic
 m - a potion of resistance {unknown}
 p - 3 potions of haste {unknown}
 r - 2 potions of stabbing {unknown}
 t - 4 potions of curing {unknown}
 z - 2 potions of brilliance {unknown}
 B - 2 potions of flight
Comestibles
 c - 14 rations
 d - 2 chunks of flesh


   Skills:
   Level 0.4 Short Blades
 - Level 2.4 Dodging
 - Level 2.6 Stealth
 + Level 16.3 Spellcasting
 + Level 4.3 Conjurations
 + Level 1.3 Hexes
 - Level 5.0 Necromancy
 + Level 0.3 Ice Magic
 + Level 13.2 Air Magic


You had 15 spell levels left.
You knew the following spells:

 Your Spells              Type           Power        Failure   Level  Hunger
a - Shock                 Conj/Air       ####         1%          1    None
b - Swiftness             Chrm/Air       ######..     1%          2    None
c - Static Discharge      Conj/Air       ######..     1%          3    None
d - Airstrike             Air            ######....   1%          4    None
e - Lightning Bolt        Conj/Air       ######....   1%          5    None
f - Ozocubu's Armour      Chrm/Ice       ###.....     7%          3    None
g - Frozen Ramparts       Ice            ###...       6%          3    None
h - Hailstorm             Conj/Ice       ####....     9%          4    None
i - Spectral Weapon       Hex/Chrm       ###.....     5%          3    None

Your spell library contained the following spells:

 Spells                   Type           Power        Failure   Level  Hunger
 Freeze                   Ice            ###.         1%          1    None
 Pain                     Necr           ####         1%          1    None
 Corpse Rot               Necr/Air       N/A          1%          2    None
 Sublimation of Blood     Necr           #####.....   1%          2    None
 Vampiric Draining        Necr           #####.....   1%          3    None
 Beastly Appendage        Tmut           ###...       2%          1    None
 Infusion                 Chrm           ###.         2%          1    None
 Shroud of Golubria       Chrm/Tloc      ###...       3%          2    None
 Song of Slaying          Chrm           ###.....     3%          2    None
 Sticks to Snakes         Tmut           ###.....     3%          2    None
 Spider Form              Tmut/Pois      ###.......   7%          3    None
 Ice Form                 Ice/Tmut       ###.....     22%         4    None
 Summon Ice Beast         Ice/Summ       ###.....     22%         4    None
 Blade Hands              Tmut           ###.......   54%         5    None


Dungeon Overview and Level Annotations

Branches:
Dungeon (10/15)            Temple (1/1) D:7            Lair (0/6) D:9
    Orc (0/2) D:9           Sewer (visited)

Altars:
Ashenzari
Cheibriados
Dithmenos
Elyvilon
Fedhas
Gozag
Hepliaklqana
Kikubaaqudgha
Makhleb
Nemelex Xobeh
Okawaru
Qazlal
Ru
Sif Muna
Trog
Uskayaw
Vehumet
Wu Jian
Xom
Yredelemnul
Zin
The Shining One

Shops:
D:4 ?   D:8 }   D:9 %

Portals:
Abyss: D:5

Annotations:
D:5 SamuraiZach's ghost, novice TrBe
D:10 Fannar


Message History

Casting: Ozocubu's Armour (dangerous; 7% risk of failure)
Confirm with . or Enter, or press ? or * to list all spells.
You feel quick.
Fannar resists.
The wall freezes Fannar.
The ice beast completely resists.
The wall freezes the ice beast but do no damage.
Fannar completely resists.
The wall freezes Fannar but do no damage.
Fannar completely resists.
The wall freezes Fannar but do no damage.
The frozen ramparts melt away.
Fannar gestures wildly while chanting.
Fannar drains the heat from the surrounding environment!
You feel very cold.
* * * LOW HITPOINT WARNING * * *
Fannar is frozen.
Fannar resists.
Fannar mumbles some strange words.
Fannar drains the heat from the surrounding environment!
You feel very cold.
You die...
Kikubaaqudgha rasps: "You have failed me!
Welcome... death!"

.... #............# #.#
.....#####............#
#.#
.....)Y...Y...........#
#.#
.....######e.........(#
#.### .....#
#...........# #....
[....# #...........#
#.... .)...#
#...........# #..##
.....# #...........#
#..# .)...#
#.....@.....# #..#
.....# #...........#
#..# ##)..#
#....)......# #..#
#(..# #.########..#
#..# #(..# #.#
#.<#######..# #...# #.#
#...........# #...# #.#
#.########..#
#...######.# #.# #.รท#
#..........# #.# #..#


You could see Fannar (icy armour) and an ice beast (summoned).

Vanquished Creatures
  2 two-headed ogres (D:10)
  Psyche (D:8)
  2 centaur skeletons (D:8)
  Maggie (D:10)
  A troll (D:10)
  A hippogriff (D:8)
  4 yaks (D:10)
  2 wyverns
  Grum (D:9)
  A hungry ghost (D:7)
  4 wargs (D:9)
  4 orc warriors
  2 ice beasts (D:9)
  2 sky beasts
  2 hornet zombies
  2 black bears (D:9)
  8 ogres
  An eye of draining (D:8)
  A necrophage (D:10)
  4 centaurs
  4 phantoms
  2 wolves (D:9)
  A big kobold (D:9)
  3 bullfrogs (D:9)
  A gnoll sergeant (D:9)
  2 scorpions
  10 killer bees (D:7)
  9 wights
  3 crimson imps
  A bullfrog zombie (D:10)
  2 centaur zombies
  3 quasits
  3 hounds
  A jelly (D:10)
  2 bullfrog skeletons (D:5)
  8 orc priests
  14 orc wizards
  6 worker ants
  A hound skeleton (D:7)
  A howler monkey skeleton (D:4)
  8 gnolls
  11 adders
  A shadow imp (D:10)
  4 oozes
  7 worms
  2 dart slugs (D:1)
  5 leopard geckos
  27 orcs
  5 giant cockroaches
  10 goblins
  4 hobgoblins
  11 jackals
  5 quokkas
  3 ball pythons (Sewer)
  16 bats
  4 frilled lizards
  9 kobolds
  A leopard gecko skeleton (D:6)
  A leopard gecko zombie (D:9)
  A quokka skeleton (D:8)
  6 rats
264 creatures vanquished.

Vanquished Creatures (others)
  An adder (D:2)
1 creature vanquished.

Grand Total: 265 creatures vanquished

Notes
Turn   | Place    | Note
-------+----------+-------------------------------------------
     0 | D:1      | protoss039 the Deep Elf Air Elementalist began the quest
                  | for the Orb.
     0 | D:1      | Reached XP level 1. HP: 10/10 MP: 6/6
     2 | D:1      | Noticed a spriggan
     4 | D:1      | Noticed a gargoyle
     4 | D:1      | Noticed a demigod
     6 | D:1      | Noticed an elf
     6 | D:1      | Noticed a felid
     8 | D:1      | Noticed a minotaur
    10 | D:1      | Noticed a human
    10 | D:1      | Noticed a centaur
    12 | D:1      | Noticed a vampire
    12 | D:1      | Noticed a merfolk
    14 | D:1      | Noticed a tengu
    14 | D:1      | Noticed a vine stalker
    16 | D:1      | Noticed a halfling
    16 | D:1      | Noticed an ogre
    18 | D:1      | Noticed a naga
    18 | D:1      | Noticed a dwarf
    20 | D:1      | Noticed a formicid
    22 | D:1      | Noticed an octopode
    22 | D:1      | Noticed a troll
    24 | D:1      | Noticed a draconian
    24 | D:1      | Noticed a ghoul
    26 | D:1      | Noticed a demonspawn
   460 | D:1      | Reached XP level 2. HP: 15/15 MP: 6/8
  1022 | D:1      | Reached XP level 3. HP: 12/19 MP: 5/9
  1159 | D:1      | Found a sparkling altar of Nemelex Xobeh.
  1720 | D:2      | Found a radiant altar of Vehumet.
  1756 | D:2      | Reached XP level 4. HP: 24/24 MP: 9/11
  1832 | D:2      | Reached skill level 4 in Spellcasting
  2479 | D:2      | Found a shimmering blue altar of Sif Muna.
  2596 | D:2      | Learned a level 2 spell: Swiftness
  2600 | D:2      | Learned a level 3 spell: Static Discharge
  2605 | D:2      | Learned a level 4 spell: Airstrike
  2611 | D:3      | Reached XP level 5. HP: 12/28 MP: 8/14
  2823 | D:3      | Reached skill level 5 in Spellcasting
  3062 | D:3      | Found a faded altar of an unknown god.
  3182 | D:3      | Found an iron altar of Okawaru.
  3687 | D:4      | Found Fiast's Magic Scroll Shop.
  3698 | D:4      | Bought a scroll of magic mapping for 42 gold pieces
  3729 | D:4      | Noticed a centaur
  3731 | D:4      | Killed a centaur
  3731 | D:4      | Reached skill level 5 in Air Magic
  3731 | D:4      | Reached XP level 6. HP: 19/32 MP: 6/16
  3857 | D:4      | Found a glowing drain.
  3875 | Sewer    | Entered a sewer
  4984 | D:4      | Reached skill level 6 in Spellcasting
  5723 | D:4      | Reached XP level 7. HP: 36/36 MP: 5/19
  5749 | D:4      | Reached skill level 7 in Spellcasting
  6043 | D:5      | Entered Level 5 of the Dungeon
  6050 | D:5      | Learned a level 5 spell: Lightning Bolt
  6097 | D:5      | Reached skill level 8 in Spellcasting
  6177 | D:5      | Reached XP level 8. HP: 37/41 MP: 0/22
  6514 | D:5      | Reached skill level 9 in Spellcasting
  6586 | D:5      | Found a transporter.
  6586 | D:5      | Found a basalt altar of Yredelemnul.
  6587 | D:5      | Found a transporter.
  6629 | D:5      | Found a one-way gate to the infinite horrors of the Abyss.
  6629 | D:5      | Noticed SamuraiZach's ghost (novice TrBe)
  7397 | D:5      | Found a shattered altar of Ashenzari.
  7746 | D:6      | Reached skill level 10 in Spellcasting
  8747 | D:7      | Reached XP level 9. HP: 45/45 MP: 25/25
  8926 | D:7      | Got a clouded steel amulet
  8928 | D:7      | Identified the amulet of the Final Decision {Inacc Str+2
                  | Dex+2} (You found it on level 7 of the Dungeon)
  9090 | D:7      | Reached skill level 11 in Spellcasting
  9893 | D:7      | Found a staircase to the Ecumenical Temple.
 10020 | Temple   | Entered the Ecumenical Temple
 10027 | Temple   | Became a worshipper of Kikubaaqudgha
 10200 | D:8      | Learned a level 3 spell: Ozocubu's Armour
 10204 | D:8      | Learned a level 3 spell: Frozen Ramparts
 10209 | D:8      | Learned a level 4 spell: Hailstorm
 10243 | D:8      | Found Zicuun's Gadget Shoppe.
 10308 | D:8      | Reached skill level 12 in Spellcasting
 10313 | D:8      | Reached skill level 10 in Air Magic
 10677 | D:8      | Reached XP level 10. HP: 50/50 MP: 17/28
 10824 | D:8      | Reached * piety under Kikubaaqudgha
 10824 | D:8      | Identified Kikubaaqudgha's Papyrus of Black Secrets
                  | (Kikubaaqudgha gifted it to you on level 8 of the Dungeon)
 10824 | D:8      | Received a gift from Kikubaaqudgha
 11083 | D:8      | Noticed Psyche
 11087 | D:8      | Killed Psyche
 11087 | D:8      | Reached skill level 13 in Spellcasting
 11332 | D:9      | Found a white marble altar of Elyvilon.
 11445 | D:9      | Found a staircase to the Orcish Mines.
 12228 | D:9      | Reached skill level 14 in Spellcasting
 12386 | D:9      | Found a bloodstained altar of Trog.
 12466 | D:9      | Noticed Grum
 12482 | D:9      | Reached ** piety under Kikubaaqudgha
 12483 | D:9      | Killed Grum
 12729 | D:9      | Found Xouseod's Food Shoppe.
 13023 | D:9      | Found a staircase to the Lair.
 13066 | D:9      | Learned a level 3 spell: Spectral Weapon
 13067 | D:10     | Entered Level 10 of the Dungeon
 13091 | D:10     | Noticed a two-headed ogre
 13108 | D:9      | Reached skill level 1 in Hexes
 13123 | D:10     | HP: 3/75 [two-headed ogre/+0 giant club (15)]
 13125 | D:10     | Killed a two-headed ogre
 13623 | D:10     | Reached XP level 11. HP: 54/54 MP: 31/31
 13702 | D:10     | Reached skill level 15 in Spellcasting
 14374 | D:10     | Noticed a two-headed ogre
 14378 | D:10     | Noticed Maggie
 14380 | D:10     | Killed a two-headed ogre
 14535 | D:10     | Reached skill level 16 in Spellcasting
 14535 | D:10     | Reached skill level 5 in Necromancy
 14535 | D:10     | Reached XP level 12. HP: 59/59 MP: 34/34
 14562 | D:10     | Killed Maggie
 14704 | D:10     | Noticed Fannar
 14722 | D:10     | Killed from afar by Fannar

Illustrated notes

Levels and vault maps discovered:
D:1:      kb_arrival_jail, layout_loops_ring, nemelex_xobeh_ov_fountains_minmay
D:2:      layout_loops_ring, led_sif_pool, fiery_altar_vehumet
D:3:      layout_basic, lemuel_round_altar, chequers_ecumenical_altar_island
D:4:      layout_loops_ring, cheibrodos_sewer_entry_bend, serial_shops, shop,
          fountainhead
D:5:      layout_loops_ring, old_standard_altar, marbit_many_paths,
          gammafunk_ghost_abyssal_escape, first_ration
D:6:      layout_loops_cross
D:7:      layout_basic, lemuel_temple_firewalk_a, st_stairs_8,
          grunt_ministairs_5, minmay_misc_feat_encased, minmay_misc_feat_pillars
D:8:      layout_cave_pools, serial_shops, nicolae_shop_trees,
          small_statue_intersection, uniq_psyche
D:9:      layout_roguey, trog_ov_bears_minmay, nicolae_overflow_crystal_walls,
          lair_entry_dummy, minmay_orc_entry_guard_dogs, serial_shops,
          shop_statue, uniq_grum
D:10:     layout_long_grid, uniq_fannar, uniq_maggie
Temple:   nicolae_temple_no_exploring_needed

Skill      XL: |  1  2  3  4  5  6  7  8  9 10 11 |
---------------+----------------------------------+-----
Air Magic      | 4 5 6 8 10 11 13 | 13.2
Spellcasting   | 4 5 6 8 10 12 14 16 | 16.3
Conjurations   | 2 3 4 |  4.3
Hexes          | 1 |  1.3
Necromancy     | 5 |  5.0
Short Blades   | |  0.4
Dodging        | |  2.4
Stealth        | |  2.6
Ice Magic      | |  0.3

Action                   |  1- 3 |  4- 6 |  7- 9 | 10-12 || total
-------------------------+-------+-------+-------+-------++-------
Melee: Unarmed           |     3 |       |       |       ||     3
       Short sword       |     9 |     7 |       |       ||    16
       Dagger            |       |       |     5 |     6 ||    11
       Scimitar          |       |       |       |     9 ||     9
 Cast: Shock             |    78 |    95 |    23 |     2 ||   198
       Airstrike         |       |    19 |   105 |   133 ||   257
       Static Discharge  |       |    10 |     3 |     5 ||    18
       Lightning Bolt    |       |       |       |     9 ||     9
       Ozocubu's Armour  |       |       |       |     9 ||     9
       Swiftness         |       |       |       |     4 ||     4
       Spectral Weapon   |       |       |       |     2 ||     2
       Frozen Ramparts   |       |       |       |     1 ||     1
  Use: Scroll            |       |     1 |    10 |     4 ||    15
       Potion            |       |       |     7 |     4 ||    11
  Eat: Chunk             |     2 |    14 |    12 |    13 ||    41
       Ration            |       |       |     2 |       ||     2
Armor: Robe              |    14 |    14 |    13 |    10 ||    51
       Skin              |       |       |     7 |     1 ||     8
Dodge: Dodged            |    32 |    25 |    31 |    35 ||   123
       Rpst.: Scimitar   |       |       |       |     2 ||     2
